 Dungeon Crawl Stone Soup version 0.31-a0-1603-gbec6b6ccbf (webtiles) character file.

Game seed: 4430779009533177860

548 pokeman the Magician (level 7, -5/38 HPs)
             Began as a Deep Elf Hedge Wizard on Jan 7, 2024.
             Slain by a gnoll
             ... wielding a +0 halberd
              (10 damage)
             ... on level 5 of the Dungeon on Jan 8, 2024.
             The game lasted 00:08:22 (3911 turns).

pokeman the Magician (Deep Elf Hedge Wizard)        Turns: 3911, Time: 00:08:23

Health: -5/38      AC:  3    Str:  7    XL:     7   Next: 7%
Magic:  26/29      EV: 10    Int: 21    God:
Gold:   240        SH:  0    Dex: 14    Spells: 13/21 levels left

rFire   . . .        j - +1 flail "Starlight" {heavy, MP+9}
rCold   . . .        (no shield)
rNeg    . . .        b - +0 robe
rPois   .            s - +0 helmet
rElec   .            (no cloak)
rCorr   .            (no gloves)
SInv    +            (no boots)
Will    .....        o - amulet of magic regeneration
Stlth   +            u - ring of see invisible
HPRegen 0.26/turn    (no ring)
MPRegen 0.61/turn

%: no passive effects
@: confused, on blink cooldown, constricted
A: no striking features
a: no special abilities


You were on level 5 of the Dungeon.
You visited 1 branch of the dungeon, and saw 5 of its levels.

You collected 240 gold pieces.

Inventory:

Hand Weapons
 h - a +2 whip of electrocution
 j - the +1 flail "Starlight" (weapon) {heavy, MP+9}
   (You found it on level 2 of the Dungeon)

   MP+9:      It affects your magic capacity (+9).
 r - a +3 whip of venom
 v - a +1 whip of pain
Armour
 b - a +0 robe (worn)
 q - a +0 tower shield
 s - a +0 helmet (worn)
 x - the +5 ring mail of Immorality {rPois}
   (You found it on level 4 of the Dungeon)

   rPois:     It protects you from poison
Jewellery
 m - an amulet of reflection
 o - an amulet of magic regeneration (around neck)
 u - a ring of see invisible (left hand)
Wands
 p - a wand of flame (16)
 z - a wand of paralysis (12)
 C - a wand of digging (6)
Scrolls
 e - 3 scrolls of identify {unknown}
 g - 2 scrolls of immolation {unknown}
 l - a scroll of silence {unknown}
 n - 2 scrolls of revelation {unknown}
 t - a scroll of fog {unknown}
 y - a scroll of summoning {unknown}
Potions
 a - 2 potions of attraction {unknown}
 c - a potion of lignification {unknown}
 d - a potion of magic
 f - 3 potions of degeneration {unknown}
 i - 3 potions of cancellation {unknown}
 k - a potion of heal wounds {unknown}
 w - a potion of mutation {unknown}
 A - a potion of curing {unknown}
 B - a potion of invisibility {unknown}


   Skills:
 - Level 1.0 Fighting
 - Level 1.0 Armour
 - Level 4.0 Dodging
 - Level 4.0 Stealth
 - Level 1.0 Shields
 * Level 7.6 Spellcasting
 + Level 3.6 Conjurations
 - Level 1.1 Summonings
 - Level 1.0 Necromancy
 - Level 1.1 Translocations
 + Level 0.0 Air Magic
 + Level 0.0 Alchemy
 + Level 0.0 Evocations


You had 13 spell levels left.
You knew the following spells:

 Your Spells              Type           Power      Damage    Failure   Level
a - Magic Dart            Conj           92%        1d7       1%          1
b - Mephitic Cloud        Conj/Alch/Air  13%        N/A       16%         3
c - Call Imp              Summ           24%        N/A       8%          2
d - Blink                 Tloc           24%        N/A       8%          2

Your spell library contained the following spells:

 Spells                   Type           Power      Damage    Failure   Level
 Slow                     Hex            32%        N/A       9%          1
 Cigotuvi's Dreadful Rot  Necr/Alch/Air  18%        N/A       11%         2
 Hailstorm                Conj/Ice       15%        3d6       12%         3
 Ensorcelled Hibernation  Hex/Ice        16%        N/A       13%         2
 Fugue of the Fallen      Necr           12%        N/A       16%         3
 Gell's Gravitas          Tloc           12%        N/A       16%         3
 Teleport Other           Tloc           12%        N/A       16%         3
 Summon Ice Beast         Ice/Summ       10%        N/A       21%         3
 Anguish                  Hex/Necr       5%         N/A       54%         4
 Dispersal                Tloc           6%         N/A       100%        6
 Sculpt Simulacrum        Ice/Alch       4%         N/A       100%        6


Dungeon Overview and Level Annotations

Branches:
Dungeon (5/15)
 Temple: D:4-7

Altars:
Hepliaklqana
Makhleb
Xom


Message History

The gnoll hits you with a +0 flail. The gnoll barely misses you.
You hear an angry hiss.
You hit the gnoll but do no damage.
A ball python comes into view.
The gnoll closely misses you. The gnoll hits you with a +0 flail!
The gnoll barely misses you. The gnoll hits you with a +0 flail.
The gnoll closely misses you. The gnoll hits you with a +0 halberd.
The gnoll attacks as it pursues you! The gnoll closely misses you.
The gnoll hits you with a +0 flail!
* * * LOW HITPOINT WARNING * * *
The gnoll closely misses you.
Unknown command.
Casting: Magic Dart (safe; 1% risk of failure)
Confirm with . or Enter, or press ? or * to list all spells.
You blink.
The ball python closely misses you. The ball python barely misses you.
Unknown command.
Found a stone staircase leading up.
The ball python attacks as it pursues you!
The ball python misses you. The ball python grabs you.
The ball python constricts you.
* * * LOW HITPOINT WARNING * * *
Casting: Blink (safe; 8% risk of failure)
Confirm with . or Enter, or press ? or * to list all spells.
Aiming: Mephitic Cloud (quite dangerous; 16% risk of failure)
Press: ? - help, Shift-Dir - straight line, f - ball python
Aim: a ball python (constricting you, chance to affect: 96%)
The ball explodes into a vile cloud!
The stinking cloud engulfs the ball python.
The stinking cloud engulfs you.
The stinking cloud engulfs the gnoll. x2
You are engulfed in noxious fumes.
You choke on the stench!
You are confused.
You hear a loud squeak.
You hear an angry hiss.
You hear a shout!
You hear an angry hiss.
You hear a shout! x2; You hear an angry hiss. x2
You hear an angry growl.
The ball python is engulfed in noxious fumes.
The ball python appears confused.
The ball python bites the gnoll.
The ball python constricts you.
The gnoll hits you from afar with a +0 halberd!
You die...

## ###...#...##.#
.. ......#.###..
..##....#.# ##.#
#.##..#.#.# .#
........#.####.# #
#............Y...
#<
###.##o#.##.#.##
#.##..#####.##.#.#
#
.......@Sgg.##.#o#
......###go....#..
..##. #.######.o #
#.# ..o. #.# .S.
#.# .. ..


You could see 3 gnolls, an orc and a ball python (confused).

Vanquished Creatures
  Grinder (D:3)
  A phantom (D:4)
  2 hounds
  An orc priest (D:4)
  An orc wizard (D:4)
  Robin (D:3)
  4 gnolls (D:3)
  3 adders
  A dart slug (D:2)
  A ribbon worm (D:2)
  4 orcs
  7 ball pythons
  8 bats
  11 endoplasms
  3 giant cockroaches
  14 goblins
  8 hobgoblins
  2 jackals (D:1)
  8 kobolds
  4 quokkas
  A frilled lizard (D:3)
  5 rats
91 creatures vanquished.

Notes
Turn   | Place    | Note
-------+----------+-------------------------------------------
     0 | D:1      | pokeman the Deep Elf Hedge Wizard began the quest for the
                  | Orb.
     0 | D:1      | Reached XP level 1. HP: 10/10 MP: 7/7
   218 | D:1      | Reached XP level 2. HP: 15/15 MP: 5/9
   554 | D:1      | Reached skill level 5 in Spellcasting
   700 | D:1      | Reached XP level 3. HP: 20/20 MP: 7/11
   704 | D:1      | Learned a level 3 spell: Mephitic Cloud
   707 | D:1      | Learned a level 2 spell: Call Imp
   710 | D:1      | Learned a level 2 spell: Blink
  1157 | D:2      | Reached skill level 1 in Fighting
  1179 | D:2      | Identified the +1 flail "Starlight" {heavy, MP+9}
  1331 | D:2      | Reached skill level 1 in Armour
  2252 | D:3      | Reached XP level 4. HP: 25/25 MP: 13/13
  2279 | D:3      | Noticed Robin
  2292 | D:3      | Killed Robin
  2422 | D:3      | Noticed Grinder
  2437 | D:3      | Killed Grinder
  2438 | D:3      | Reached skill level 6 in Spellcasting
  2438 | D:3      | Reached XP level 5. HP: 20/29 MP: 16/16
  2438 | D:3      | Reached XP level 6. HP: 24/34 MP: 17/17
  2671 | D:3      | Reached skill level 7 in Spellcasting
  2761 | D:3      | Found a hazy altar of Hepliaklqana.
  3032 | D:3      | Found a burning altar of Makhleb.
  3100 | D:4      | Identified the +5 ring mail of Immorality {rPois}
  3224 | D:4      | Found a shimmering altar of Xom.
  3467 | D:4      | Reached XP level 7. HP: 38/38 MP: 20/20
  3479 | D:4      | Reached skill level 1 in Shields
  3479 | D:4      | Reached skill level 1 in Necromancy
  3867 | D:5      | Entered Level 5 of the Dungeon
  3911 | D:5      | Slain by a gnoll

Illustrated notes

Levels and vault maps discovered:
D:1:      co_arrival_square_in_a_square_in_a_square, layout_rooms
D:2:      layout_loops_corners
D:3:      minmay_evil_eye, layout_rooms, bloody_makhleb,
          nzn_hepliaklqana_mist_gate, uniq_robin, uniq_grinder
D:4:      layout_gridville, lemuel_doored_altar, minmay_misc_feat_pillars,
          chequers_serial_rivers_micro_b
D:5:      layout_loops_ring, mainiacjoe_overflow_six_doors_small,
          chei_slow_surprise, minmay_temple_entry_large_hall,
          portal_sewer_entry_a

Skill      XL: |  1  2  3  4  5  6  7 |
---------------+----------------------+-----
Spellcasting   | 5 6 7 |  7.6
Fighting       | 1 |  1.0
Armour         | 1 |  1.0
Conjurations   | 2 3 |  3.6
Dodging        | 3 4 |  4.0
Stealth        | 3 4 |  4.0
Shields        | 1 |  1.0
Necromancy     | 1 |  1.0
Summonings     | |  1.1
Translocations | |  1.1

Action                     |  1- 3 |  4- 6 |  7- 9 || total
---------------------------+-------+-------+-------++-------
  Melee: Whip              |     8 |       |       ||     8
         Flail             |       |    12 |     1 ||    13
   Cast: Magic Dart        |   114 |   109 |    11 ||   234
         Mephitic Cloud    |     1 |     4 |     1 ||     6
         Call Imp          |       |     1 |       ||     1
         Blink             |       |       |     2 ||     2
   Stab: Confused          |       |     1 |       ||     1
 Armour: Robe              |     6 |    25 |    10 ||    41
  Dodge: Dodged            |    11 |    30 |    12 ||    53

Table legend: (Time is in decaauts)
 A = Elapsed time spent in this place.
 B = Non-inter-level travel time spent in this place.
 C = Inter-level travel time spent in this place.
 D = Time resting spent in this place.
 E = Time spent auto-exploring this place.
 F = Levels seen in this place.
 G = Mean time per level.
                   A        B        C        D        E       F      G
               +--------+--------+--------+--------+--------+-----+--------+
         Total |   3924 |   3810 |    114 |     84 |   3188 |   5 |  784.8 |
       Dungeon |   3924 |   3810 |    114 |     84 |   3188 |   5 |  784.8 |
               +--------+--------+--------+--------+--------+-----+--------+

Top non-repeatable levels by time:
     D:2: 1286 daAuts
     D:4: 1009 daAuts
     D:1: 947 daAuts
     D:3: 636 daAuts
     D:5: 44 daAuts
